Zazza, neutral female human Tourist --------------- |..............# |.............|# |.............|# |.............|# |.............|# -----|---------# # # ### # # #### ###### # ------ ---.------- # ...... |.........| # @.....q| |..<......| T I.......'.| |.........| @.....q.....| ----------- ----------- Zazza the Rambler Experience level: 1 Strength: 11 Dexterity: 11 Constitution: 17 Intelligence: 11 Wisdom: 7 Charisma: 18 Health: 0(20) Energy: 2(2) Def: 1 Gold: 49 Moves: 2085 Dungeon seed: BdZcApeWuxmWnz5H Game ID: Zazza_1598733294 Your Inventory: Coins $ - 49 gold pieces Weapons a - 23 +2 darts (in quiver) T - 2 +0 daggers (wielded) Armor e - an uncursed +0 Hawaiian shirt (being worn) y - an uncursed +0 dwarvish cloak (being worn) z - an uncursed +0 orcish helm (being worn) Comestibles b - an uncursed pear c - 3 uncursed eggs d - an uncursed food ration f - an uncursed lembas wafer h - an uncursed tripe ration i - an uncursed lichen corpse H - 2 uncursed slime molds Scrolls l - 2 uncursed scrolls of magic mapping Potions j - 2 uncursed potions of extra healing Rings C - an uncursed ring of protection from shape changers P - an uncursed ring of warning R - an uncursed ring of regeneration Wands D - a cursed wand of striking (0:3) Tools n - an uncursed credit card o - an uncursed towel Spells and supernatural/magical abilities: Name Level Category Fail Memory W - pray for help -- divine ? -- Your skills at the end: Fighting Skills Weapon Skills dart [Basic] Spellcasting Skills Final Attributes: You were nominally aligned. You were hallucinating. You are dead. Vanquished creatures: a shrieker a gas spore 2 hobbits a green mold a red mold 3 garter snakes 4 geckos 5 jackals a fox 3 goblins 2 sewer rats 3 grid bugs 3 lichens 6 newts and a partridge in a pear tree 36 creatures vanquished. Voluntary challenges: You used a wielded weapon 13 times, starting on turn 876. You read items or engraved 8 times, starting on turn 307. You never genocided any monsters. You never polymorphed an object. You never changed form. You used no wishes. You never split a pudding. You wrote Elbereth's name 3 times, starting on turn 1604. You never violated your personal moral code. Dungeon overview: The Dungeons of Doom: levels 1 to 5 Level 1 a long staircase Level 2 a long staircase Level 3 a general store, an altar to Blind Io, a fountain, a sink Level 4 an altar to The Lady, a fountain Level 5 <- You were here History has recorded: On T:1 you entered the Dungeons of Doom to retrieve the Amulet of Yendor! On T:266 you reached level 2 of The Dungeons of Doom. On T:521 you reached level 3 of The Dungeons of Doom. On T:1447 you reached level 4 of The Dungeons of Doom. On T:2025 you reached level 5 of The Dungeons of Doom. Score breakdown: Gold: 0 ( 0 points) Experience: 1 level ( 0 points) Exploration: 5 levels ( 10.64%) ( 8846 points) Discoveries: 5 items ( 1.68%) ( 3885 points) Valuables value: (no points given unless you survive) Artifact value: 0 ( 0 points) Variety of kills: 14 monsters ( 3.67%) ( 5750 points) Turncount: 2085 turns ( -62 points) Survival: died (score multiplied by 80%) Total score: 14735 Latest messages: $ - 49 gold pieces. You are getting the munchies. The door resists! The door opens. My, that was a primo slime mold! You finish eating the slime mold. The lynx bites! The giant pigmy bites the nalfeshnee. The snake misses the dwarf. You miss the gnome lord. The wraith bites! The mastodon bites the elf zombie. The pyrolisk is killed! You miss the white dragon. The ice devil bites! The killer bee misses the master mind flayer. The manes bites the sleazoid. The kobold zombie is killed! The straw golem bites the giant ant. The large kobold is killed! The ghoul is caught in the water nymph's explosion! You are caught in the water nymph's explosion! Final status: Aloha Zazza the Tourist, killed by a gas spore's explosion... You died in The Dungeons of Doom on dungeon level 5 with 14735 points, and 49 pieces of gold, after 2085 moves. You were level 1 with a maximum of 20 hit points when you died.